 Dungeon Crawl Stone Soup version 0.26.1-11-gd32895ea62 (webtiles) character file.

Game seed: 6990420006598290162

267 Jerry the Shooter (level 6, -12/54 HPs)
             Began as a Palentonga Hunter on June 10, 2021.
             Killed by nerve-wracking pain
             ... invoked by Grinder
              (14 damage)
             ... on level 3 of the Dungeon.
             The game lasted 00:07:39 (2903 turns).

Jerry the Shooter (Palentonga Hunter)               Turns: 2903, Time: 00:07:41

Health: -12/54     AC:  4    Str: 15    XL:     6   Next: 0%
Magic:  6/6        EV:  9    Int: 11    God:
Gold:   184        SH:  0    Dex: 13    Spells: 5/5 levels left

rFire    . . .     SeeInvis +   a - +1 shortbow
rCold    . . .     Faith    .   (shield currently unavailable)
rNeg     . . .     Spirit   .   c - +0 leather armour
rPois    .         Reflect  .   (no helmet)
rElec    .         Harm     .   (no cloak)
rCorr    .         Rampage  .   (no gloves)
Will     .....                  (no barding)
Stlth    ++........             (no amulet)
HPRegen  0.18/turn              (no ring)
MPRegen  0.10/turn              (no ring)

@: no status effects
A: large, rugged brown scales 3, see invisible, deformed body, roll 1, armoured
tail
a: Rolling Charge


You were on level 3 of the Dungeon.
You visited 1 branch of the dungeon, and saw 3 of its levels.

You collected 184 gold pieces.

Inventory:

Hand Weapons
 a - a +1 shortbow (weapon)
 k - a +0 whip
Missiles
 d - 58 arrows (quivered ammo)
Armour
 c - a +0 leather armour (worn)
Jewellery
 i - an uncursed amulet of magic regeneration
Scrolls
 b - a scroll of fog {unknown}
 f - 3 scrolls of identify
 h - 2 scrolls of amnesia {unknown}
 j - a scroll of teleportation {unknown}
 m - 2 scrolls of remove curse
Potions
 e - 2 potions of might {unknown}
 g - 4 potions of curing
 l - a potion of magic {unknown}
 n - a potion of lignification {unknown}


   Skills:
 + Level 3.3 Fighting
 + Level 2.1 Maces & Flails
 + Level 4.0 Bows
 + Level 2.0 Armour
 - Level 1.5 Dodging
 + Level 2.0 Stealth


You had 5 spell levels left.
You didn't know any spells.
Your spell library was empty.

Dungeon Overview and Level Annotations

Branches:
Dungeon (3/15)

Altars:
Ru
Yredelemnul

Annotations:
D:3 Grinder


Innate Abilities, Weirdness & Mutations

You are completely covered in rugged brown scales. (AC +3, +7% HP)
You have supernaturally acute eyesight. (SInv)
Armour fits poorly on your strangely shaped body.
You can roll at nearby foes to attack.
You have a long armoured tail.


Message History

Grinder hits you!
* * * LOW HITPOINT WARNING * * *
You writhe in agony.
* * * LOW HITPOINT WARNING * * *
Fire: 60 arrows
Press: ? - help, Q - select action, (/) - cycle Shift-Dir - straight line, f/p - Grinder
Aim: Grinder (almost dead, 58% to hit)
You shoot an arrow. The arrow barely misses Grinder.
Grinder hits you.
* * * LOW HITPOINT WARNING * * *
You writhe in agony.
* * * LOW HITPOINT WARNING * * *
Grinder misses you.
Fire: 59 arrows
Press: ? - help, Q - select action, (/) - cycle Shift-Dir - straight line, f/p - Grinder
Aim: Grinder (almost dead, 58% to hit)
You shoot an arrow. The arrow closely misses Grinder.
Grinder gestures at you. Pain shoots through your body!
You die...

8###8## #.....#.#.#
..8...8##.....#.#.#
.......##.....#.#.#
.......>#.....#.#
.......##.....#.#
..8...8##.#.#.#.#
###8## #.#.#...#
########.#.######
#.......(..((((@#
#....#...#.####5#
#....#...#.# #(#
#....#...#.# #(#
#....#...#.# #(#
##....##..#.####(#
...#......#....#.#
####.####.#.##.#(#
### #.####.#


You could see Grinder.

Vanquished Creatures
  Sigmund (D:3)
  Jessica (D:3)
  2 adders (D:2)
  2 oozes
  3 worms
  2 dart slugs
  A leopard gecko (D:3)
  An orc (D:3)
  3 bats
  2 giant cockroaches
  5 goblins
  6 hobgoblins
  7 kobolds
  2 quokkas (D:3)
  A frilled lizard (D:1)
  4 rats
43 creatures vanquished.

Notes
Turn   | Place    | Note
-------+----------+-------------------------------------------
     0 | D:1      | Jerry the Palentonga Hunter began the quest for the Orb.
     0 | D:1      | Reached XP level 1. HP: 18/18 MP: 1/1
   276 | D:1      | Reached XP level 2. HP: 25/25 MP: 2/2
   478 | D:1      | Reached skill level 1 in Stealth
  1258 | D:2      | Reached XP level 3. HP: 24/32 MP: 3/3
  1474 | D:2      | Reached skill level 1 in Armour
  1700 | D:2      | Reached skill level 1 in Maces & Flails
  1700 | D:2      | Reached XP level 4. HP: 39/39 MP: 4/4
  2099 | D:3      | Found a sacrificial altar of Ru.
  2179 | D:3      | Noticed Sigmund
  2185 | D:3      | Killed Sigmund
  2186 | D:3      | Reached XP level 5. HP: 16/48 MP: 5/5
  2502 | D:3      | Found a basalt altar of Yredelemnul.
  2563 | D:3      | Noticed Jessica
  2589 | D:3      | Killed Jessica
  2590 | D:3      | Reached skill level 4 in Bows
  2874 | D:3      | Reached XP level 6. HP: 54/54 MP: 6/6
  2874 | D:3      | Noticed Grinder
  2881 | D:3      | Paralysed by Grinder for 6 turns
  2902 | D:3      | HP: 2/54 [Grinder (6)]
  2903 | D:3      | Killed from afar by Grinder

Illustrated notes

Levels and vault maps discovered:
D:1:      dpeg_arrival_tiny_f, layout_loops_ring, chequers_serial_rivers_micro_d
D:2:      layout_basic
D:3:      layout_basic, nicolae_ru_awakened_eye, nicolae_overflow_hidden_temple,
          grunt_decor_fettered, kennysheep_jessica_study, uniq_grinder,
          uniq_sigmund

Skill      XL: |  1  2  3  4  5 |
---------------+----------------+-----
Stealth        | 1 2 |  2.0
Armour         | 1 2 |  2.0
Maces & Flails | 1 2 |  2.1
Fighting       | 3 |  3.3
Bows           | 4 |  4.0
Dodging        | |  1.5

Action                   |  1- 3 |  4- 6 || total
-------------------------+-------+-------++-------
Melee: Whip              |    39 |       ||    39
       Tailslap          |     3 |       ||     3
 Fire: Shortbow          |    82 |    65 ||   147
  Use: Scroll            |     2 |       ||     2
Armor: Leather armour    |    19 |     4 ||    23
Dodge: Dodged            |    26 |     4 ||    30
